[Event "ICCopen2017"]
[Site "Internet Chess Club"]
[Date "2017.03.26"]
[Round "8"]
[White "marwan100"]
[Black "UnderArmour"]
[Result "0-1"]
[ICCResult "White resigns"]
[WhiteElo "1696"]
[BlackElo "1968"]
[Opening "Queen's pawn game"]
[ECO "D05"]
[NIC "QP.06"]
[Time "20:29:18"]
[TimeControl "180+0"]

1. d4 Nf6 2. Nf3 e6 3. e3 d5 4. b3 c5 5. Bb2 Nc6 6. a3 b6 7. Bd3 Bd6 8. Nbd2
O-O 9. Ne5 Bb7 10. O-O Qc7 11. f4 Ne7 12. Rf3 Ne4 13. Rh3 Nf5 14. Qh5 h6 15.
Ndf3 Nf6 16. Qxf5 exf5 17. Bxf5 cxd4 18. exd4 Ne4 19. c4 Bxe5 20. dxe5 dxc4
21. bxc4 Qxc4 22. Rc1 Qe2 23. Bd4 Nd2 {White resigns} 0-1

[Event "ICCopen2017"]
[Site "Internet Chess Club"]
[Date "2017.03.26"]
[Round "8"]
[White "hipopotamos"]
[Black "Massada"]
[Result "0-1"]
[ICCResult "White checkmated"]
[WhiteElo "1180"]
[BlackElo "1529"]
[Opening "Four knights: Italian variation"]
[ECO "C47"]
[NIC "KP.06"]
[Time "20:29:08"]
[TimeControl "180+0"]

1. e4 e5 2. Nf3 Nc6 3. Nc3 Nf6 4. Bc4 Be7 5. d3 O-O 6. O-O d6 7. h3 h6 8.
Bd2 Be6 9. Nd5 Nd4 10. Nxf6+ Bxf6 11. Bxe6 Nxe6 12. Qc1 g5 13. h4 Nf4 14.
hxg5 Ne2+ 15. Kh2 Nxc1 16. gxh6 Ne2 17. Rh1 Nf4 18. Kg1 Kh7 19. g4 Rg8 20.
Rh2 Rxg4+ 21. Kf1 Qg8 22. Bxf4 exf4 23. Ke2 Re8 24. Rah1 d5 25. b3 dxe4 26.
dxe4 Rxe4+ 27. Kd3 Re6 28. c4 Qd8+ 29. Kc2 Re2+ 30. Kc1 Qd3 31. Ne1 Qd2+ 32.
Kb1 Qb2# {White checkmated} 0-1

[Event "ICCopen2017"]
[Site "Internet Chess Club"]
[Date "2017.03.26"]
[Round "8"]
[White "checkmatiste"]
[Black "RdgMx"]
[Result "0-1"]
[ICCResult "White checkmated"]
[WhiteElo "1635"]
[BlackElo "1852"]
[Opening "French: advance variation"]
[ECO "C02"]
[NIC "FR.03"]
[Time "20:29:11"]
[TimeControl "180+0"]

1. d4 e6 2. e4 d5 3. e5 c5 4. c3 cxd4 5. cxd4 Bb4+ 6. Bd2 Bxd2+ 7. Nxd2 Ne7
8. Ngf3 O-O 9. Be2 Nbc6 10. O-O Nf5 11. Nb3 Qb6 12. g4 Nfe7 13. Qd3 Ng6 14.
Qb5 Qd8 15. Rac1 Nf4 16. Rfe1 Nxe2+ 17. Qxe2 Qb6 18. Nc5 Ne7 19. b3 Ng6 20.
h4 h5 21. gxh5 Nf4 22. Qd2 Nxh5 23. Ng5 g6 24. a3 Qd8 25. b4 b6 26. Nd3 Ba6
27. Nf4 Nxf4 28. Qxf4 Rc8 29. Qf6 Qxf6 30. exf6 Bc4 31. Nf3 Kh7 32. Ne5 b5
33. Kh2 Rc7 34. Kg3 Rh8 35. Rc3 Kg8 36. Rec1 Rh5 37. Kg4 Rf5 38. f4 Rxf6 39.
a4 a6 40. axb5 axb5 41. Ra1 Be2+ 42. Kg3 Rxc3+ 43. Kf2 Bc4 44. Ra8+ Kg7 45.
Ra7 Rxf4+ 46. Kg2 Rc2+ 47. Kg3 Rf5 48. h5 gxh5 49. Nd7 Rc3+ 50. Kh4 Kh6 51.
Ne5 Rf4+ 52. Ng4+ Rxg4# {White checkmated} 0-1

[Event "ICCopen2017"]
[Site "Internet Chess Club"]
[Date "2017.03.26"]
[Round "8"]
[White "Jude"]
[Black "Sc6"]
[Result "1-0"]
[ICCResult "Black resigns"]
[WhiteElo "1956"]
[BlackElo "1658"]
[Opening "Sicilian: Canal-Sokolsky attack, 3...Bd7"]
[ECO "B52"]
[NIC "SI.01"]
[Time "20:28:23"]
[TimeControl "180+0"]

1. e4 c5 2. Nf3 d6 3. Bb5+ Bd7 4. Bxd7+ Qxd7 5. O-O Nc6 6. c3 e5 7. d4 cxd4
8. cxd4 exd4 9. Nxd4 Nf6 10. Nc3 g6 11. Re1 Bg7 12. Ndb5 Rd8 13. Bg5 h6 14.
Bh4 O-O 15. Nd5 g5 16. Nxf6+ Bxf6 17. Bg3 Ne5 18. Rc1 a6 19. Nc3 Nc4 20. b3
Bxc3 21. Rxc3 Ne5 22. Qh5 Kg7 23. Rd1 Qe6 24. Rc7 b5 25. Qe2 Rfe8 26. Rdc1
Rd7 27. Qb2 Ree7 28. Rc8 d5 29. R8c6 Rd6 30. Bxe5+ Qxe5 31. Qxe5+ Rxe5 32.
Rxd6 dxe4 33. Re1 f5 34. Rxa6 Rc5 35. f3 exf3 36. Re7+ Kf8 37. Rb7 Rc8 38.
Rxh6 Kg8 39. gxf3 g4 40. fxg4 b4 41. Rxb4 fxg4 42. Rxg4+ Kf7 43. Ra4 Kg7 44.
Rb6 Rc2 45. Ra7+ Kf8 46. Rb8+ {Black resigns} 1-0

[Event "ICCopen2017"]
[Site "Internet Chess Club"]
[Date "2017.03.26"]
[Round "8"]
[White "Activekids"]
[Black "hectorlamadrid"]
[Result "1-0"]
[ICCResult "Black resigns"]
[WhiteElo "1990"]
[BlackElo "1643"]
[Opening "Four knights: Schultze-Müller gambit"]
[ECO "C47"]
[NIC "RG.01"]
[Time "20:29:11"]
[TimeControl "180+0"]

1. e4 e5 2. Nf3 Nf6 3. Nc3 Nc6 4. Nxe5 Nxe5 5. d4 Bb4 6. dxe5 Nxe4 7. Qg4
Bxc3+ 8. bxc3 d5 9. Qxg7 Rf8 10. Bh6 Qe7 11. Qxf8+ Qxf8 12. Bxf8 Kxf8 13. c4
dxc4 14. Bxc4 Bf5 15. Bd3 Bg6 16. O-O Re8 17. f4 f5 18. exf6 Nxf6 19. Bxg6
hxg6 20. Rae1 Rd8 21. Rd1 Re8 22. Rfe1 Rxe1+ 23. Rxe1 Nd5 24. g3 Kf7 25. c4
Nb4 26. a3 Nc2 27. Rd1 Ke7 28. Rd3 c5 29. Kf2 b6 30. h4 Ke6 31. g4 a6 32.
Rh3 b5 33. h5 gxh5 34. gxh5 Kf7 35. h6 Kg8 36. h7+ Kh8 37. f5 Nd4 38. f6 Ne6
39. Re3 Ng5 40. cxb5 axb5 41. Re5 Nxh7 42. f7 Kg7 43. Rxc5 Kxf7 44. Rxb5 Nf6
45. Rf5 Ke6 46. Rb5 Ne4+ 47. Ke3 Nd6 48. Rb4 Kd5 49. a4 Kc5 50. Rb8 Nc4+ 51.
Kf4 Na5 52. Rb5+ Kc4 53. Rxa5 {Black resigns} 1-0

[Event "ICCopen2017"]
[Site "Internet Chess Club"]
[Date "2017.03.26"]
[Round "8"]
[White "someyoungguy"]
[Black "jaybird"]
[Result "0-1"]
[ICCResult "White checkmated"]
[WhiteElo "1358"]
[BlackElo "1536"]
[Opening "French: King's Indian attack"]
[ECO "C00"]
[NIC "FR.02"]
[Time "20:29:13"]
[TimeControl "180+0"]

1. e4 e6 2. d3 d5 3. exd5 exd5 4. Nf3 Bg4 5. d4 Nf6 6. Be2 Bd6 7. Be3 O-O 8.
Nc3 c6 9. h3 Bh5 10. a3 Nbd7 11. Qd2 a6 12. g4 Bg6 13. g5 Ne4 14. Nxe4 Bxe4
15. Rg1 f5 16. Nh4 f4 17. f3 fxe3 18. Qxe3 Bxc2 19. Qd2 Bb3 20. Qc3 Ba4 21.
b3 Bb5 22. Bxb5 axb5 23. O-O-O Bf4+ 24. Kb2 Bxg5 25. Ng2 Be7 26. f4 Bxa3+
27. Kb1 Bd6 28. Rdf1 b4 29. Qg3 Qa5 30. Ne3 Rf7 31. Ng4 Qa1+ 32. Kc2 Ra2+
33. Kd3 Qc3# {White checkmated} 0-1

[Event "ICCopen2017"]
[Site "Internet Chess Club"]
[Date "2017.03.26"]
[Round "8"]
[White "Radar777"]
[Black "ehkopean"]
[Result "1-0"]
[ICCResult "Black resigns"]
[WhiteElo "1369"]
[BlackElo "1644"]
[Opening "Queen's pawn game"]
[ECO "A45"]
[NIC "QP.07"]
[Time "20:28:51"]
[TimeControl "180+0"]

1. d4 Nf6 2. e3 c5 3. Bd3 Nc6 4. c3 cxd4 5. exd4 d5 6. f4 Bg4 7. Nf3 e6 8.
Nbd2 Bd6 9. g3 h5 10. Qe2 h4 11. h3 hxg3 12. Qg2 Bxf3 13. Nxf3 Ne4 14. Bxe4
dxe4 15. Ng5 Qa5 16. Nxe4 Be7 17. O-O Qh5 18. Nxg3 Qxh3 19. Bd2 O-O-O 20.
Rae1 Qxg2+ 21. Kxg2 Bh4 22. Re3 Ne7 23. Ne4 Nd5 24. Rh3 Be7 25. Rfh1 Rxh3
26. Rxh3 g6 27. Rh7 Rf8 28. a3 Bd8 29. Nd6+ Kc7 30. Nxf7 Kc6 31. Ne5+ Kb6
32. Nd7+ Kc6 33. Nxf8 Bc7 34. Nxe6 a6 35. c4 {Black resigns} 1-0

[Event "ICCopen2017"]
[Site "Internet Chess Club"]
[Date "2017.03.26"]
[Round "8"]
[White "Synapse"]
[Black "MikeWzd"]
[Result "1-0"]
[ICCResult "Black resigns"]
[WhiteElo "1520"]
[BlackElo "1727"]
[Opening "Robatsch defense: two knights variation"]
[ECO "B06"]
[NIC "KF.06"]
[Time "20:30:07"]
[TimeControl "180+0"]

1. e4 g6 2. Nf3 Bg7 3. Nc3 d6 4. d4 a6 5. Bc4 b5 6. Bd5 c6 7. Bb3 Bb7 8. O-O
Nd7 9. Bf4 e5 10. dxe5 dxe5 11. Bg5 Ne7 12. Qd6 f6 13. Bh4 Nb6 14. Qe6 Rf8
15. Rad1 Qc8 16. Qd6 a5 17. Be6 Qd8 18. Qc5 Qc7 19. Rd7 Qxd7 20. Bxd7+ Kxd7
21. Qxb6 Rab8 22. Rd1+ Ke6 23. Qc7 Rfc8 24. Qxa5 Bh6 25. Qb4 c5 26. Qxb5
Bxe4 27. Qd7+ Kf7 28. Nxe4 Rd8 29. Qxd8 Rxd8 30. Rxd8 Nf5 31. Nd6+ Nxd6 32.
Rxd6 {Black resigns} 1-0

[Event "ICCopen2017"]
[Site "Internet Chess Club"]
[Date "2017.03.26"]
[Round "8"]
[White "BillietheKid"]
[Black "wolfandcheapgin"]
[Result "0-1"]
[ICCResult "White forfeits on time"]
[WhiteElo "1412"]
[BlackElo "1284"]
[Opening "Petrov: Italian variation"]
[ECO "C42"]
[NIC "RG.01"]
[Time "20:28:49"]
[TimeControl "180+0"]

1. e4 e5 2. Nf3 Nf6 3. Bc4 d6 4. d3 Be7 5. O-O O-O 6. c3 c5 7. Bg5 a6 8. a4
b5 9. axb5 Ra7 10. bxa6 Bxa6 11. Nbd2 Qb6 12. Bb3 Bxd3 13. Rxa7 Qxa7 14. Nc4
Bxf1 15. Qxf1 Qb7 16. Qd1 Qxe4 17. Bxf6 Bxf6 18. Nxd6 Qc6 19. Nf5 Rd8 20.
Qe2 Qd7 21. h4 Qxf5 22. Bc2 Qf4 23. Ng5 Bxg5 24. hxg5 Qxg5 25. Qe4 g6 26. g3
Qc1+ 27. Kg2 Rd2 28. Bb3 Qxb2 29. Bd5 Rxf2+ 30. Kh3 Rh2+
{White forfeits on time}
0-1

[Event "ICCopen2017"]
[Site "Internet Chess Club"]
[Date "2017.03.26"]
[Round "8"]
[White "blunder23"]
[Black "kamalchandran"]
[Result "0-1"]
[ICCResult "White resigns"]
[WhiteElo "1479"]
[BlackElo "1804"]
[Opening "Danish gambit: Schlechter defense"]
[ECO "C21"]
[NIC "KP.04"]
[Time "20:28:35"]
[TimeControl "180+0"]

1. e4 e5 2. d4 exd4 3. c3 dxc3 4. Bc4 cxb2 5. Bxb2 d5 6. Bxd5 Nf6 7. Bxf7+
Kxf7 8. Qxd8 Bb4+ 9. Bc3 Bxc3+ 10. Qd2 Bxd2+ 11. Nxd2 Nc6 12. Ngf3 Re8 13.
O-O h6 14. Rfe1 Ng4 15. h3 Nge5 16. Nxe5+ Nxe5 17. f4 Nd3 18. Re3 Nc5 19.
Rae1 b6 20. Nc4 Bb7 21. Ne5+ Kg8 22. Ng6 Nxe4 23. f5 Nd6 24. g4 Rxe3 25.
Rxe3 Re8 26. Rc3 c5 27. Rd3 Nc4 28. Rd7 Bc6 29. Rxa7 Ne5 30. Ne7+ Kh7 31.
Nxc6 Nxc6 32. Rb7 Rb8 33. Rc7 Nb4 34. a3 Nc2 35. Kf2 Nxa3 36. Kg3 c4 37. h4
b5 38. g5 hxg5 39. hxg5 b4 40. Kg4 b3 41. Kh5 b2 42. f6 b1=Q 43. Rxg7+ Kh8
44. Kh6 Qh1+ 45. Kg6 Qb1+ 46. Kh6 Rg8 47. g6 Rxg7 48. fxg7+ Kg8 {White
resigns} 0-1

[Event "ICCopen2017"]
[Site "Internet Chess Club"]
[Date "2017.03.26"]
[Round "8"]
[White "NomDeGuerre"]
[Black "EngHany"]
[Result "1-0"]
[ICCResult "Black resigns"]
[WhiteElo "2021"]
[BlackElo "1833"]
[Opening "Caro-Kann: Panov-Botvinnik attack"]
[ECO "B13"]
[NIC "CK.02"]
[Time "20:28:39"]
[TimeControl "180+0"]

1. e4 c6 2. d4 d5 3. exd5 cxd5 4. c4 Nc6 5. cxd5 Qxd5 6. Nf3 Bg4 7. Be2 e6
8. Nc3 Bb4 9. O-O Qa5 10. d5 exd5 11. Nd4 Bxc3 12. Nxc6 bxc6 13. Bxg4 Bf6
14. Bd2 Qb6 15. Bc3 Bxc3 16. bxc3 Nf6 17. Qe2+ Kf8 18. Bf3 g6 19. Qe5 Kg7
20. Rab1 Rhe8 21. Rxb6 Rxe5 22. Rxc6 Rb8 23. Ra6 Re7 24. g3 Rc7 25. Rd1 Rd8
26. Rd3 Rdd7 27. Kg2 h5 28. h4 Kf8 29. Rxf6 a5 30. Ra6 Rc5 31. c4 d4 32. Bd5
Kg7 33. Rxd4 Re7 34. Rf4 f5 35. Rc6 Rxc6 36. Bxc6 Rc7 37. Bb5 Kf6 38. Rd4
Ke5 39. Rd5+ Ke6 40. a4 Re7 41. Rd2 Rc7 42. f4 Ke7 43. Kf3 Rc5 44. Ke3 Rc7
45. Rd5 Rc8 46. Kd4 Ke6 47. Bd7+ Ke7 48. Bxc8 {Black resigns} 1-0

[Event "ICCopen2017"]
[Site "Internet Chess Club"]
[Date "2017.03.26"]
[Round "8"]
[White "brittabeast"]
[Black "Kusox"]
[Result "0-1"]
[ICCResult "White forfeits on time"]
[WhiteElo "1514"]
[BlackElo "2110"]
[Opening "Caro-Kann: advance variation"]
[ECO "B12"]
[NIC "CK.04"]
[Time "20:28:56"]
[TimeControl "180+0"]

1. e4 c6 2. d4 d5 3. e5 Bf5 4. Bd3 Bxd3 5. Qxd3 e6 6. Nf3 Nd7 7. O-O Ne7 8.
Bg5 Qb6 9. Bxe7 Bxe7 10. Nbd2 c5 11. dxc5 Nxc5 12. Qe3 Qxb2 13. Rab1 Qxc2
14. Rfc1 Qd3 15. Qxd3 Nxd3 16. Rc7 Nc5 17. Nb3 Nxb3 18. Rxb3 b6 19. Nd4 Bc5
20. Nc6 a6 21. Nb4 Bxb4 22. Rxb4 b5 23. f4 O-O 24. a4 bxa4 25. Rxa4 g6 26.
Rc6 Rfb8 27. Rcxa6 Rxa6 28. Rxa6 Rb2 29. Rd6 h6 30. h3 Kg7 31. Kh2 g5 32.
fxg5 hxg5 33. Kg3 Kg6 34. Kf3 Rb1 35. g4 Re1 36. h4 gxh4 37. Rd8 Kg7 38. g5
Rxe5 39. Kg4 Re4+ 40. Kh5 h3 41. Rd7 h2 42. g6 h1=Q+ {White forfeits on
time} 0-1

[Event "ICCopen2017"]
[Site "Internet Chess Club"]
[Date "2017.03.26"]
[Round "8"]
[White "TaijiChess22"]
[Black "qpr"]
[Result "1-0"]
[ICCResult "Black checkmated"]
[WhiteElo "1898"]
[BlackElo "1626"]
[Opening "Sicilian: Kan, 5.Bd3"]
[ECO "B42"]
[NIC "SI.42"]
[Time "20:28:27"]
[TimeControl "180+0"]

1. e4 c5 2. Nf3 e6 3. d4 cxd4 4. Nxd4 a6 5. Bd3 Qc7 6. O-O Nf6 7. Qe2 d6 8.
Kh1 Nbd7 9. b3 b5 10. Bb2 Bb7 11. Nd2 Be7 12. f4 O-O 13. Rae1 Rac8 14. N2f3
Nc5 15. e5 Nfd7 16. exd6 Bxd6 17. Ne5 Nxd3 18. Nxd3 Nf6 19. Ne5 Bc5 20. Rc1
Be4 21. Ndf3 Bb6 22. c4 b4 23. Ng5 Bb7 24. Ng4 Nxg4 25. Qxg4 f6 26. Nxe6 Qd7
27. f5 Rf7 28. Rcd1 Qc6 29. Qg3 Re8 30. Rd2 a5 31. Rfd1 h6 32. Rd5 Qc8 33.
Rd6 Bc5 34. R6d2 Bb6 35. Bxf6 Rxf6 36. Qxg7# {Black checkmated} 1-0

[Event "ICCopen2017"]
[Site "Internet Chess Club"]
[Date "2017.03.26"]
[Round "8"]
[White "Cryptochess"]
[Black "Palse"]
[Result "0-1"]
[ICCResult "White checkmated"]
[WhiteElo "2524"]
[BlackElo "2317"]
[Opening "Sicilian: Najdorf, Byrne (English) attack"]
[ECO "B90"]
[NIC "SI.14"]
[Time "20:28:29"]
[TimeControl "180+0"]

1. e4 c5 2. Nf3 d6 3. d4 cxd4 4. Nxd4 Nf6 5. Nc3 a6 6. Be3 e5 7. Nb3 Be6 8.
f3 h5 9. Qd2 Nbd7 10. O-O-O Rc8 11. Kb1 b5 12. Bd3 Be7 13. h3 h4 14. f4 g6
15. Qf2 Qc7 16. Rhf1 Qb7 17. Na5 Qc7 18. Nb3 Qb7 19. Nd2 b4 20. Ne2 a5 21.
Nc1 a4 22. b3 axb3 23. cxb3 Rc3 24. f5 gxf5 25. exf5 Bd5 26. Nc4 Rxd3 27.
Rxd3 Be4 28. Kb2 d5 29. Nd2 Bxd3 30. Nxd3 Qa6 31. Nc5 Qb5 32. Nxd7 Kxd7 33.
Rc1 Ra8 34. Nf3 Bd6 35. Qxh4 Qa6 36. Ra1 Qe2+ 37. Bd2 Be7 38. Qg3 Ne4 39.
Nxe5+ Kc8 40. Qg8+ Kb7 41. Qxf7 Qxd2+ 42. Kb1 Nc3# {White checkmated} 0-1

[Event "ICCopen2017"]
[Site "Internet Chess Club"]
[Date "2017.03.26"]
[Round "8"]
[White "Chamanx"]
[Black "GranTorre"]
[Result "0-1"]
[ICCResult "White checkmated"]
[WhiteElo "1539"]
[BlackElo "1876"]
[Opening "KP: Nimzovich defense"]
[ECO "B00"]
[NIC "VO.05"]
[Time "20:30:05"]
[TimeControl "180+0"]

1. e4 Nc6 2. Nf3 d6 3. Bc4 Nf6 4. O-O g6 5. Nc3 Bg7 6. d3 O-O 7. Bd2 Bg4 8.
h3 Bxf3 9. Qxf3 Ne5 10. Qd1 Nxc4 11. dxc4 Qd7 12. Qc1 Qc6 13. Bh6 Nxe4 14.
Bxg7 Kxg7 15. f4 Qc5+ 16. Kh2 Nxc3 17. bxc3 Qxc4 18. Qe3 e6 19. g4 b6 20. f5
exf5 21. gxf5 Rae8 22. f6+ Kh8 23. Qf3 Qe2+ 24. Qxe2 Rxe2+ 25. Kg1 Rfe8 26.
Rf2 h6 27. Rxe2 Rxe2 28. Kf1 Rh2 29. Re1 Rh1+ 30. Kf2 Rxe1 31. Kxe1 Kh7 32.
Kf2 g5 33. Kf3 Kg6 34. Kg4 h5+ 35. Kf3 Kxf6 36. Ke4 Ke6 37. Kd4 f5 38. Ke3
Ke5 39. Kf3 d5 40. Ke3 c5 41. a4 g4 42. hxg4 fxg4 43. Kf2 d4 44. cxd4+ Kxd4
45. Kg3 Kc3 46. Kh4 a5 47. Kxh5 g3 48. Kg4 g2 49. Kf3 g1=Q 50. Ke2 Qd4 51.
Ke1 Qd2+ 52. Kf1 Qh2 53. Ke1 Qg2 54. Kd1 Qd2# {White checkmated} 0-1

[Event "ICCopen2017"]
[Site "Internet Chess Club"]
[Date "2017.03.26"]
[Round "8"]
[White "DrJon"]
[Black "Shafkat"]
[Result "0-1"]
[ICCResult "White checkmated"]
[WhiteElo "1346"]
[BlackElo "1641"]
[Opening "QGD Slav: Dutch variation"]
[ECO "D18"]
[NIC "SL.04"]
[Time "20:28:55"]
[TimeControl "180+0"]

1. d4 d5 2. Nf3 Nf6 3. c4 c6 4. Nc3 dxc4 5. a4 Bf5 6. e3 e6 7. Bd2 Nbd7 8.
Bxc4 Nb6 9. Be2 Bb4 10. O-O a5 11. Qb3 O-O 12. Ne5 h6 13. h3 Nfd5 14. Nxd5
cxd5 15. Bxb4 axb4 16. Qxb4 f6 17. Nd3 Nc4 18. b3 Nd6 19. Nc5 Rb8 20. g4 b6
21. Na6 Be4 22. f3 Bg6 23. Nxb8 Qxb8 24. a5 Nf7 25. axb6 Qg3+ 26. Kh1 Qxh3+
27. Kg1 Qg3+ 28. Kh1 Ng5 29. Qxf8+ Kxf8 30. Ra8+ Be8 31. b7 Qh3+ 32. Kg1
Qg3+ 33. Kh1 Nh3 34. Rfa1 Nf2# {White checkmated} 0-1

[Event "ICCopen2017"]
[Site "Internet Chess Club"]
[Date "2017.03.26"]
[Round "8"]
[White "F83"]
[Black "octavia"]
[Result "1/2-1/2"]
[ICCResult "Game drawn by repetition"]
[WhiteElo "1902"]
[BlackElo "2199"]
[Opening "Four knights: Scotch, 4...exd4"]
[ECO "C47"]
[NIC "KP.06"]
[Time "20:28:52"]
[TimeControl "180+0"]

1. e4 e5 2. Nf3 Nc6 3. Nc3 Nf6 4. d4 exd4 5. Nxd4 Bb4 6. Nxc6 bxc6 7. Bd3 d5
8. exd5 cxd5 9. O-O O-O 10. h3 c6 11. Qf3 Re8 12. Bf4 Bd6 13. Rae1 Bxf4 14.
Qxf4 Be6 15. Na4 Nd7 16. Qd6 Nb6 17. Qf4 Qe7 18. Re2 Rab8 19. Nxb6 axb6 20.
Rfe1 Qd7 21. a4 h6 22. b3 c5 23. Bb5 Qa7 24. Bxe8 Rxe8 25. Qd6 Qb7 26. f4
Ra8 27. Re5 Qb8 28. Qxb8+ Rxb8 29. f5 Bd7 30. Rxd5 Bc6 31. Rd6 Rc8 32. f6
gxf6 33. Rxf6 Kg7 34. Rd6 b5 35. axb5 Bxb5 36. Re7 c4 37. Rb6 cxb3 38. cxb3
Bd3 39. Rbb7 Bg6 40. b4 Rc2 41. b5 Rb2 42. b6 h5 43. Kh2 h4 44. Rec7 Be4 45.
Rxf7+ Kh6 46. Kg1 Rxg2+ 47. Kf1 Bxb7 48. Rxb7 Rb2 49. Rb8 Kg7 50. b7 Kh7 51.
Kg1 Kg7 52. Kf1 Kh7 53. Kg1 Kg7 54. Kf1 Kh7 55. Kg1 Kg7 56. Kf1 Kh7
{Game drawn by repetition}
1/2-1/2

[Event "ICCopen2017"]
[Site "Internet Chess Club"]
[Date "2017.03.26"]
[Round "8"]
[White "Alright2015"]
[Black "yozhik"]
[Result "0-1"]
[ICCResult "White resigns"]
[WhiteElo "2267"]
[BlackElo "2692"]
[Opening "King's Indian: East Indian defense"]
[ECO "A48"]
[NIC "QP.06"]
[Time "20:29:04"]
[TimeControl "180+0"]

1. Nf3 Nf6 2. d4 g6 3. Nc3 d5 4. Bf4 Bg7 5. e3 O-O 6. Be2 c5 7. Ne5 Nc6 8.
h4 h5 9. f3 cxd4 10. exd4 Qb6 11. Nxc6 bxc6 12. Na4 Qa5+ 13. c3 Nd7 14. b4
Qd8 15. Qd2 e5 16. Bh6 Bxh6 17. Qxh6 exd4 18. cxd4 Qf6 19. Rd1 Re8 20. Qg5
Qxg5 21. hxg5 a5 22. bxa5 Rxa5 23. Nc3 Ra3 24. Rc1 Ba6 25. Rc2 Rxc3 26. Rxc3
Rxe2+ 27. Kd1 Rxa2 28. Re1 Ra1+ 29. Kd2 Rxe1 30. Kxe1 Bc4 31. Kf2 Kg7 32.
Ra3 Nf8 33. f4 Ne6 34. Ke3 c5 35. dxc5 Nxc5 36. Kd4 Ne4 37. Ke5 Nf2 38. Kd6
Nd3 39. g3 h4 40. gxh4 Nxf4 41. Ke7 d4 42. Ra4 Nd5+ 43. Kd6 Ne3 44. Ke5 d3
45. Kd4 d2 46. Ra1 d1=Q+ 47. Rxd1 Nxd1 48. Kxc4 Ne3+ 49. Kd4 Nf5+ 50. Ke4
Nxh4 51. Kf4 Nf5 52. Ke5 Ne7 53. Kd6 Nc8+ 54. Ke5 Nb6 55. Kd6 Nc4+ 56. Kd5
Nd2 57. Ke5 Kf8 58. Kf4 Ke7 59. Ke5 Nf3+ 60. Kf4 Nxg5 61. Kxg5 Ke6 62. Kf4
f5 63. Kg5 Ke5 64. Kh4 f4 65. Kg4 Ke4 66. Kh3 f3 67. Kg3 Ke3 {White resigns}
0-1

[Event "ICCopen2017"]
[Site "Internet Chess Club"]
[Date "2017.03.26"]
[Round "8"]
[White "FGM21"]
[Black "JaqueMateus1"]
[Result "0-1"]
[ICCResult "White forfeits on time"]
[WhiteElo "1937"]
[BlackElo "2312"]
[Opening "Petrov: modern attack, Symmetrical variation"]
[ECO "C43"]
[NIC "RG.02"]
[Time "20:28:41"]
[TimeControl "180+0"]

1. e4 e5 2. Nf3 Nf6 3. d4 Nxe4 4. Bd3 d5 5. Nxe5 Bd6 6. c4 c6 7. Nc3 Nxc3 8.
bxc3 O-O 9. cxd5 cxd5 10. O-O Nc6 11. f4 Qh4 12. Bd2 f6 13. Be1 Qh6 14. Ng4
Bxg4 15. Qxg4 Rfe8 16. Rf3 g6 17. Bd2 Qg7 18. f5 g5 19. h4 h6 20. c4 Rac8
21. Rb1 b6 22. hxg5 Nxd4 23. Re3 Bc5 24. Kh1 hxg5 25. Rh3 Kf7 26. cxd5 Rh8
27. d6 Rxh3+ 28. gxh3 Kf8 29. Rc1 Qb7+ 30. Qg2 Qxg2+ 31. Kxg2 Rd8 32. h4
gxh4 33. Bh6+ Kg8 34. Bf4 Bxd6 35. Bxd6 Rxd6 36. Rc7 a5 37. Kh3 Nf3 38. Bc4+
Kh8 39. Be6 Ng5+ 40. Kg4 Nxe6 41. fxe6 Rxe6 42. Kf5 Rd6 43. Rc8+ Kh7 44.
Rc7+ Kh6 45. Rc8 Rd5+ 46. Kxf6 Kh5 47. Rg8 h3 48. Ke6 Rc5 49. Kd6 Kh4 50. a4
h2 51. Rh8+ Rh5 52. Rc8 h1=Q 53. Rc4+ Kg3 {White forfeits on time} 0-1

[Event "ICCopen2017"]
[Site "Internet Chess Club"]
[Date "2017.03.26"]
[Round "8"]
[White "LiangLiang"]
[Black "YHWH"]
[Result "1-0"]
[ICCResult "Black resigns"]
[WhiteElo "1705"]
[BlackElo "1515"]
[Opening "Réti opening"]
[ECO "A05"]
[NIC "QP.11"]
[Time "20:30:01"]
[TimeControl "180+0"]

1. Nf3 Nf6 2. b3 d5 3. Bb2 c5 4. g3 Nc6 5. Bg2 Bg4 6. O-O Qd7 7. d3 e6 8. h3
Bf5 9. g4 Bg6 10. Nbd2 Be7 11. e3 Qc7 12. Qe2 Rd8 13. Rfd1 O-O 14. Rac1 Nd7
15. c4 d4 16. exd4 cxd4 17. Nxd4 Nxd4 18. Bxd4 Nc5 19. Be5 Qc8 20. d4 f6 21.
dxc5 fxe5 22. Qxe5 Bxc5 23. Ne4 Bxe4 24. Bxe4 Rxf2 25. Rxd8+ Rf8+ 26. Rd4
Qd7 27. Qxc5 e5 28. Rxd7 {Black resigns} 1-0

[Event "ICCopen2017"]
[Site "Internet Chess Club"]
[Date "2017.03.26"]
[Round "8"]
[White "fishmaster"]
[Black "devotional"]
[Result "0-1"]
[ICCResult "White checkmated"]
[WhiteElo "1763"]
[BlackElo "2089"]
[Opening "Four knights game"]
[ECO "C47"]
[NIC "RG.01"]
[Time "20:29:25"]
[TimeControl "180+0"]

1. e4 e5 2. Nf3 Nf6 3. Nc3 Nc6 4. Be2 Bc5 5. Nxe5 Nxe5 6. d4 Bb4 7. dxe5
Nxe4 8. O-O Nxc3 9. bxc3 Bxc3 10. Rb1 Bxe5 11. Bd3 Qf6 12. Kh1 O-O 13. Qh5
g6 14. Qh6 Qg7 15. Qg5 c6 16. f4 Bf6 17. Qg3 d5 18. Ba3 Re8 19. Bd6 b6 20.
f5 Bxf5 21. Bxf5 gxf5 22. Qxg7+ Bxg7 23. Rxf5 Re2 24. Rbf1 f6 25. R5f2 Rae8
26. Kg1 Kf7 27. Bb4 Kg6 28. Rf3 Rxc2 29. Rg3+ Kf7 30. Bc3 Re6 31. Rgf3 Rxa2
32. g4 Kg6 33. h4 Ree2 34. h5+ Kf7 35. Rg3 c5 36. g5 d4 37. g6+ hxg6 38.
hxg6+ Ke6 39. Be1 f5 40. Bf2 c4 41. Bxd4 Bxd4+ 42. Kh1 Rh2# {White
checkmated} 0-1

[Event "ICCopen2017"]
[Site "Internet Chess Club"]
[Date "2017.03.26"]
[Round "8"]
[White "JohannesHaugish"]
[Black "Ataraxia"]
[Result "1-0"]
[ICCResult "Black forfeits on time"]
[WhiteElo "1872"]
[BlackElo "1890"]
[Opening "King's Indian: fianchetto, classical variation, 8.e4"]
[ECO "E68"]
[NIC "KI.63"]
[Time "20:29:35"]
[TimeControl "180+0"]

1. d4 Nf6 2. c4 d6 3. Nf3 g6 4. g3 Bg7 5. Bg2 O-O 6. O-O Nbd7 7. Nc3 e5 8.
e4 c6 9. b3 Re8 10. Re1 a5 11. h3 exd4 12. Nxd4 Nc5 13. Bb2 Bd7 14. Qc2
Nfxe4 15. Nxe4 Bxd4 16. Bxd4 Bf5 17. Bxc5 dxc5 18. g4 Be6 19. Qc3 h6 20.
Nf6+ Kf8 21. Nxe8 Qxe8 22. Rad1 Kg8 23. Qf6 a4 24. Be4 axb3 25. axb3 Qf8 26.
Bxg6 Qg7 27. Qxg7+ Kxg7 28. Bf5 Bxf5 29. gxf5 Kf6 30. Rd7 Ra3 31. Ree7 Kxf5
32. Rxf7+ Kg6 33. Rxb7 Kh5 34. Rf5+ Kh4 35. Rg7 h5 36. Kg2
{Black forfeits on time}
1-0

[Event "ICCopen2017"]
[Site "Internet Chess Club"]
[Date "2017.03.26"]
[Round "8"]
[White "trianon"]
[Black "zandoli"]
[Result "0-1"]
[ICCResult "White forfeits on time"]
[WhiteElo "2225"]
[BlackElo "1959"]
[Opening "English opening"]
[ECO "D13"]
[NIC "QP.11"]
[Time "20:30:08"]
[TimeControl "180+0"]

1. Nf3 Nf6 2. c4 c6 3. Nc3 d5 4. cxd5 cxd5 5. d4 g6 6. Bf4 a6 7. h3 Bg7 8.
e3 O-O 9. Be2 Nc6 10. O-O Re8 11. Rc1 e6 12. a3 Bd7 13. Qb3 b5 14. Qa2 Qb6
15. b4 Ne4 16. Nxe4 dxe4 17. Nd2 e5 18. dxe5 Nxe5 19. Nxe4 Be6 20. Qd2 Red8
21. Qe1 Nc4 22. Nc5 Nd2 23. Nxe6 Qxe6 24. Bf3 Nxf3+ 25. gxf3 Qxh3 26. Qe2
Rd5 {White forfeits on time} 0-1

[Event "ICCopen2017"]
[Site "Internet Chess Club"]
[Date "2017.03.26"]
[Round "8"]
[White "starfiasch"]
[Black "KnightWalker"]
[Result "1-0"]
[ICCResult "Black checkmated"]
[WhiteElo "1526"]
[BlackElo "1340"]
[Opening "QGD semi-Slav: 5.e3"]
[ECO "D45"]
[NIC "SL.08"]
[Time "20:28:47"]
[TimeControl "180+0"]

1. Nf3 d5 2. c4 c6 3. e3 Nf6 4. d4 e6 5. Nc3 Bb4 6. Qc2 O-O 7. Bd2 Bxc3 8.
Bxc3 Ne4 9. Bb4 Re8 10. Nd2 Nd6 11. b3 Na6 12. Ba3 dxc4 13. bxc4 b6 14. Bd3
f5 15. O-O Bb7 16. c5 bxc5 17. dxc5 Nf7 18. Rab1 Qc7 19. Nc4 Nb8 20. Rfd1
Nd7 21. Nd6 Nxd6 22. cxd6 Qa5 23. Rxb7 Qxa3 24. Rxd7 Red8 25. Rxd8+ Rxd8 26.
Qxc6 Qxa2 27. d7 Qa5 28. Qxe6+ Kf8 29. Bc4 Qa4 30. Qf7# {Black checkmated}
1-0